 Dungeon Crawl Stone Soup version 0.24.1 (webtiles) character file.

Game seed: 11560406662530899705, levelgen mode: deterministic

84924 esteth the Thaumaturge (level 15, 0/115 HPs)
             Began as a Gnoll Wizard on Mar 25, 2020.
             Was a High Priest of Ashenzari.
             Killed from afar by a salamander mystic (35 damage)
             ... with a bolt of magma
             ... on level 4 of the Snake Pit on Mar 30, 2020.
             The game lasted 02:01:57 (33187 turns).

esteth the Thaumaturge (Gnoll Wizard)              Turns: 33187, Time: 02:02:02

Health: 0/115      AC: 19    Str: 10    XL:     15   Next: 82%
Magic:  15/31      EV: 16    Int: 29    God:    Ashenzari [*****.]
Gold:   603        SH: 12    Dex: 18    Spells: 17/38 levels left

rFire    . . .     SeeInvis +   E - +1 trident (curse)
rCold    . . .     Gourm    .   r - +2 buckler (curse)
rNeg     . . .     Faith    .   e - +0 scale mail (curse)
rPois    +         Spirit   .   b - +0 hat
rElec    +         Reflect  +   q - +2 cloak (curse)
rCorr    .         Harm     .   n - +2 pair of gloves (curse)
MR       +....     Clarity  +   (no boots)
Stlth    ++++......             o - +2 amulet of reflection
HPRegen  0.29/turn              H - ring of Izxuykk {rElec AC+3 Int+4 Dex+3}
MPRegen  0.22/turn              V - ring of poison resistance

@: no status effects
A: distributed training, fangs 1, strong nose
a: Curse Item, Scrying, Renounce Religion


You were on level 4 of the Snake Pit.
You worshipped Ashenzari.
Ashenzari was extremely pleased with you.
You were hungry.

You visited 4 branches of the dungeon, and saw 22 of its levels.
You also visited: Bailey and Volcano.

You collected 1500 gold pieces.
You spent 897 gold pieces at shops.

Inventory:

Hand Weapons
 x - a +2 trident of protection
 E - a cursed +1 trident (weapon)
 S - the cursed +4 triple sword of Cocytus {slice, -Tele +Fly MR+++ Stlth+}
   (You acquired it on level 2 of the Lair of Beasts)

   It inflicts extra damage upon your enemies.
   It affects your resistance to hostile enchantments.
   It lets you fly.
   It prevents most forms of teleportation.
   It makes you more stealthy.
   It has a curse placed upon it.
Missiles
 g - 12 boomerangs (quivered)
Armour
 b - a +0 hat (worn)
 e - a cursed +0 scale mail (worn)
 n - a cursed +2 pair of gloves (worn)
 q - a cursed +2 cloak (worn)
 r - a cursed +2 buckler (worn)
Magical Staves
 l - an uncursed staff of power
Jewellery
 a - the ring of Firuvak {rN+ MR+ Dex+2 Stlth-}
   (You found it on level 2 of the Snake Pit)

   [ring of attention]

   It affects your dexterity (+2).
   It protects you from negative energy.
   It affects your resistance to hostile enchantments.
   It makes you less stealthy.
 i - an uncursed amulet of magic regeneration
 o - a +2 amulet of reflection (around neck)
 s - an uncursed ring of protection from magic
 u - an uncursed ring of fire
 v - an uncursed amulet of the gourmand
 C - an uncursed ring of stealth
 F - a +2 ring of dexterity
 G - an uncursed ring of protection from magic
 H - the ring of Izxuykk (left hand) {rElec AC+3 Int+4 Dex+3}
   (You bought it in a shop on level 1 of the Snake Pit)

   [ring of protection]

   It affects your AC (+3).
   It affects your intelligence (+4).
   It affects your dexterity (+3).
   It insulates you from electricity.
 J - an uncursed ring of protection from fire
 Q - a +3 ring of protection
 V - a ring of poison resistance (right hand)
Wands
 f - a wand of acid (8)
 h - a wand of random effects (75)
 j - a wand of digging (19)
 p - a wand of enslavement (8)
 A - a wand of paralysis (17)
 D - a wand of flame (114)
 I - a wand of polymorph (10)
Scrolls
 k - a scroll of silence
 t - a scroll of immolation {unknown}
 w - 4 scrolls of amnesia
 y - 17 scrolls of identify
 L - 4 scrolls of magic mapping
 N - 6 scrolls of enchant weapon
 R - a scroll of summoning
 Y - 7 scrolls of teleportation
Potions
 c - 8 potions of heal wounds
 m - 2 potions of curing
 z - 3 potions of berserk rage
 B - 2 potions of haste
 K - 2 potions of might
 M - 4 potions of flight {unknown}
 O - 2 potions of resistance {unknown}
 P - a potion of experience {unknown}
 T - 4 potions of mutation {unknown}
 U - a potion of agility
 W - 2 potions of brilliance {unknown}
 X - 2 potions of lignification {unknown}
 Z - 2 potions of cancellation {unknown}
Comestibles
 d - 20 rations


   Skills:
 + Level 10.2 Fighting
 + Level 10.2 Short Blades
 + Level 10.2 Long Blades
 + Level 10.2 Axes
 + Level 10.2 Maces & Flails
 + Level 10.2(13.9) Polearms
 + Level 10.2 Staves
 + Level 10.2 Slings
 + Level 10.2 Bows
 + Level 10.2 Crossbows
 + Level 10.2 Throwing
 + Level 10.2(12.6) Armour
 + Level 11.1(13.5) Dodging
 + Level 10.9 Stealth
 + Level 10.2(12.6) Shields
 + Level 10.2 Unarmed Combat
 + Level 12.1 Spellcasting
 + Level 8.9 Conjurations
 + Level 8.6 Hexes
 + Level 8.6 Charms
 + Level 8.9 Summonings
 + Level 8.6 Necromancy
 + Level 8.9 Translocations
 + Level 8.6 Transmutations
 + Level 8.6 Fire Magic
 + Level 8.6 Ice Magic
 + Level 8.6 Air Magic
 + Level 8.6 Earth Magic
 + Level 8.6 Poison Magic
 + Level 11.0 Invocations
 + Level 10.2 Evocations


You had 17 spell levels left.
You knew the following spells:

 Your Spells              Type           Power        Failure   Level  Hunger
a - Magic Dart            Conj           ####         1%          1    None
b - Blink                 Tloc           N/A          1%          2    None
c - Call Imp              Summ           ######..     1%          2    None
d - Conjure Flame         Conj/Fire      ######..     1%          3    None
e - Mephitic Cloud        Conj/Pois/Air  ######..     1%          3    None
f - Spectral Weapon       Hex/Chrm       ######..     1%          3    None
g - Regeneration          Chrm/Necr      ######....   1%          3    None
h - Summon Lightning Spi  Summ/Air       ######..     3%          4    None

Your spell library contained the following spells:

 Spells                   Type           Power        Failure   Level  Hunger
 Apportation              Tloc           ######       1%          1    None
 Beastly Appendage        Tmut           ######       1%          1    None
 Confusing Touch          Hex            ######       1%          1    None
 Freeze                   Ice            ####         1%          1    None
 Infusion                 Chrm           ####         1%          1    None
 Sting                    Conj/Pois      ####         1%          1    None
 Summon Butterflies       Summ           ######..     1%          1    None
 Summon Small Mammal      Summ           ####         1%          1    None
 Poisonous Vapours        Pois/Air       ######       1%          2    None
 Shroud of Golubria       Chrm/Tloc      ######       1%          2    None
 Slow                     Hex            ######..     1%          2    None
 Song of Slaying          Chrm           ######..     1%          2    None
 Sticks to Snakes         Tmut           ######..     1%          2    None
 Throw Frost              Conj/Ice       ######       1%          2    None
 Call Canine Familiar     Summ           ######..     1%          3    None
 Confuse                  Hex            ######..     1%          3    None
 Gell's Gravitas          Tloc           ######....   1%          3    None
 Lesser Beckoning         Tloc           ######....   1%          3    None
 Ozocubu's Armour         Chrm/Ice       ######..     1%          3    None
 Spider Form              Tmut/Pois      ######....   1%          3    None
 Summon Guardian Golem    Hex/Summ       ######..     1%          3    None
 Tukima's Dance           Hex            ######..     1%          3    None
 Airstrike                Air            ######....   3%          4    None
 Ice Form                 Ice/Tmut       ######..     3%          4    None
 Olgreb's Toxic Radiance  Pois           ######..     3%          4    None
 Petrify                  Tmut/Erth      ######..     3%          4    None
 Summon Ice Beast         Ice/Summ       ######..     3%          4    None
 Throw Icicle             Conj/Ice       ######..     3%          4    None
 Alistair's Intoxication  Tmut/Pois      ######..     10%         5    ##.....
 Blade Hands              Tmut           ######....   10%         5    ##.....
 Lightning Bolt           Conj/Air       ######....   10%         5    ##.....
 Metabolic Englaciation   Hex/Ice        ######....   10%         5    ##.....
 Venom Bolt               Conj/Pois      ######....   10%         5    ##.....
 Yara's Violent Unravell  Hex/Tmut       ######....   10%         5    ##.....
 Invisibility             Hex            ######..     50%         6    ####...
 Statue Form              Tmut/Erth      ######...    50%         6    ####...


Dungeon Overview and Level Annotations

Branches:
Dungeon (11/15)            Temple (1/1) D:6            Lair (6/6) D:8
  Swamp (0/4) Lair:4        Snake (4/4) Lair:4        Slime (0/5) Lair:6
    Orc (0/2) D:9          Bailey (visited)         Volcano (visited)

Altars:
Ashenzari
Cheibriados
Dithmenos
Elyvilon
Fedhas
Gozag
Hepliaklqana
Kikubaaqudgha
Makhleb
Nemelex Xobeh
Okawaru
Qazlal
Ru
Sif Muna
Trog
Uskayaw
Vehumet
Wu Jian
Xom
Yredelemnul
Zin
The Shining One
Jiyva

Shops:
Snake:1 }=}   Snake:4 ?%%*

Annotations:
D:6 exclusion: downstairs
D:7 exclusion: ice statue


Innate Abilities, Weirdness & Mutations

Your experience applies equally to all skills.
You have very sharp teeth.
Your uncanny sense of smell can sniff out nearby items.


Message History

Aiming: Summon Lightning Spire (safe; 3% risk of failure)
Press: ? - help, Dir - move target cursor, p - naga warrior An electric hum fills the air.
The naga warrior blocks your black mamba's attack.
The anaconda bites your spectral weapon!
Your spectral weapon shares its damage with you!
A salamander mystic comes into view. It is wielding a +0 scimitar.
Your black mamba bites the naga warrior!
The naga warrior dies!
The anaconda closely misses your spectral weapon.
Attack whom?
Press: ? - help, Dir - move target cursor, f - salamander mystic
Aim: a salamander mystic, wielding a +0 scimitar and wearing a +0 robe (moderately wounded)
You reach to attack!
You hit the salamander mystic.
The salamander mystic is heavily wounded.
Your spectral weapon hits the salamander mystic but does no damage.
The salamander mystic casts a spell at you.
The bolt of magma hits your black mamba!!
The bolt of magma hits you!!
You die...

* ##.............#....# ,*
, {, ##............####.##*
{ ,, ** ,
##..........###♣...♣# ** ,
,,,.##.........##♣..⌠..♣# ,
,..##.......##♣.......♣# ,,
, ,
{..##.....##♣....∩....♣#* ,
,**,
*#..{##....#♣...........♣#
** #...##(..#.....888.....#
*
,{*#..∆#S@...⌠.∩.8#8.∩.⌠..
, , {
#..N(#.#.....888.....# *,
,,, #.)S8#.#♣...........♣#
* ,,,,
*#...#...##♣....∩....♣# ,*
,, *#...##.... #♣.......♣#
,, #...# .....,*#♣..⌠..♣##*
,,, ...#*
.......*#♣...♣##.##
,,..#*,,.......####.###....
, ,,,,.#*,
.#+####........####.


You could see a salamander mystic, an anaconda, a friendly black mamba, a
friendly lightning spire and a friendly spectral +1 trident.

Vanquished Creatures
  A nagaraja (Snake:2)
  6 naga warriors
  7 hydras
  4 anacondas
  A death yak (Lair:6)
  Urug (Lair:1)
  4 naga sharpshooters
  6 shock serpents
  A salamander mystic (Snake:4)
  A naga ritualist (Snake:2)
  Pikel (D:9)
  An orc knight (Bailey)
  5 mana vipers
  Maurice (D:10)
  3 salamanders (Snake:2)
  7 naga magi
  15 black mambas
  12 elephants
  2 guardian serpents (Snake:3)
  19 spiny frogs
  9 komodo dragons
  4 tyrant leeches
  18 blink frogs
  A hornet (D:8)
  5 hippogriffs
  2 wyverns
  4 hogs (Lair:3)
  24 yaks
  3 basilisks
  5 vampire mosquitoes (Lair:6)
  2 fire bats (Volcano)
  Grum (D:10)
  16 nagas
  A swamp worm (Lair:4)
  14 water moccasins
  12 porcupines
  9 orc warriors
  2 ice beasts (D:6)
  3 sky beasts
  A swamp drake (D:8)
  A necrophage (D:9)
  A black bear (D:7)
  7 wolves
  5 ogres
  A phantom (D:5)
  2 centaurs
  9 crocodiles
  19 bullfrogs
  2 scorpions
  4 killer bees (D:7)
  2 wights (D:9)
  15 electric eels
  A centaur zombie (D:6)
  4 crimson imps
  2 bullfrog zombies
  A lava snake (Volcano)
  A quasit (D:10)
  2 jellies
  An orc priest (D:10)
  8 hounds
  A bullfrog skeleton (D:9)
  4 iguanas
  10 worker ants
  6 orc wizards
  A hound skeleton (D:4)
  19 adders
  3 shadow imps
  3 oozes
  4 adder skeletons
  An adder zombie (D:7)
  5 worms
  A dart slug (D:4)
  3 leopard geckos
  40 orcs
  6 bats
  5 giant cockroaches
  7 goblins
  10 hobgoblins
  5 jackals
  12 kobolds
  A quokka (D:4)
  A ball python (D:1)
  A frilled lizard (D:1)
  8 rats
  5 spectral weapons
484 creatures vanquished.

Vanquished Creatures (collateral kills)
  Rupert (Lair:6)
  Kirke (Lair:4)
  3 nagarajas
  2 hydras
  3 naga warriors
  4 anacondas
  A catoblepas (Lair:6)
  2 naga sharpshooters
  8 death yaks
  2 orc knights (Bailey)
  A naga ritualist (Snake:1)
  2 salamanders
  5 elephants
  6 naga magi
  8 black mambas
  10 spiny frogs
  A komodo dragon (Lair:5)
  3 polar bears
  2 tyrant leeches (Lair:6)
  2 blink frogs (Lair:6)
  4 yaks
  A basilisk (Lair:4)
  3 fire bats (Volcano)
  A hog (Lair:3)
  A vampire mosquito (Lair:6)
  19 nagas
  A porcupine (Lair:4)
  2 orc warriors (Bailey)
  A slave (D:9)
  2 centaurs (Volcano)
  A crocodile (Lair:6)
  A big kobold (D:10)
  2 bullfrogs
  A scorpion (D:5)
  3 wights (D:9)
  2 killer bees (D:7)
  6 lava snakes (Volcano)
  An electric eel (D:9)
  A hound (D:5)
  An orc wizard (D:10)
  18 orcs
  3 kobolds (D:10)
  A frilled lizard (D:5)
  A plant (Lair:2)
144 creatures vanquished.

Vanquished Creatures (others)
  3 slaves (D:9)
  An ogre (D:9)
  4 electric eels
  An orc (D:9)
  A bush (Lair:6)
  18 fungi
  64 plants
  24 spectral weapons
116 creatures vanquished.

Grand Total: 744 creatures vanquished

Notes
Turn   | Place    | Note
-------+----------+-------------------------------------------
     0 | D:1      | esteth the Gnoll Wizard began the quest for the Orb.
     0 | D:1      | Reached XP level 1. HP: 13/13 MP: 8/8
   195 | D:1      | Reached XP level 2. HP: 19/19 MP: 7/10
   701 | D:1      | Reached XP level 3. HP: 25/25 MP: 8/11
  1327 | D:2      | Reached skill level 1 in Invocations
  1331 | D:2      | Learned a level 2 spell: Blink
  1334 | D:2      | Learned a level 2 spell: Call Imp
  1338 | D:2      | Learned a level 3 spell: Conjure Flame
  1342 | D:2      | Learned a level 3 spell: Mephitic Cloud
  1434 | D:2      | Reached skill level 1 in Fighting
  1434 | D:2      | Reached skill level 1 in Short Blades
  1434 | D:2      | Reached skill level 1 in Long Blades
  1434 | D:2      | Reached skill level 1 in Axes
  1434 | D:2      | Reached skill level 1 in Maces & Flails
  1434 | D:2      | Reached skill level 1 in Polearms
  1434 | D:2      | Reached skill level 1 in Staves
  1434 | D:2      | Reached skill level 1 in Slings
  1434 | D:2      | Reached skill level 1 in Bows
  1434 | D:2      | Reached skill level 1 in Crossbows
  1434 | D:2      | Reached skill level 1 in Throwing
  1434 | D:2      | Reached skill level 1 in Armour
  1434 | D:2      | Reached skill level 1 in Shields
  1434 | D:2      | Reached skill level 1 in Unarmed Combat
  1434 | D:2      | Reached skill level 1 in Evocations
  1769 | D:3      | Reached XP level 4. HP: 32/32 MP: 10/13
  1963 | D:3      | Reached skill level 1 in Hexes
  1963 | D:3      | Reached skill level 1 in Charms
  1963 | D:3      | Reached skill level 1 in Necromancy
  1963 | D:3      | Reached skill level 1 in Transmutations
  1963 | D:3      | Reached skill level 1 in Fire Magic
  1963 | D:3      | Reached skill level 1 in Ice Magic
  1963 | D:3      | Reached skill level 1 in Air Magic
  1963 | D:3      | Reached skill level 1 in Earth Magic
  1963 | D:3      | Reached skill level 1 in Poison Magic
  2157 | D:3      | Reached XP level 5. HP: 37/37 MP: 14/14
  2681 | D:4      | Noticed an ogre
  2693 | D:4      | Killed an ogre
  2693 | D:4      | Reached XP level 6. HP: 44/44 MP: 2/16
  2913 | D:4      | Reached skill level 5 in Dodging
  3240 | D:4      | Reached XP level 7. HP: 50/50 MP: 13/18
  3412 | D:5      | Entered Level 5 of the Dungeon
  3926 | D:5      | Reached skill level 5 in Stealth
  4107 | D:5      | Found a transporter.
  4123 | D:5      | Found a transporter.
  4171 | D:5      | Reached XP level 8. HP: 33/57 MP: 15/19
  4381 | D:5      | Found a hazy altar of Hepliaklqana.
  4637 | D:5      | Learned a level 3 spell: Spectral Weapon
  5586 | D:6      | Reached skill level 8 in Spellcasting
  5662 | D:6      | Found a staircase to the Ecumenical Temple.
  5904 | Temple   | Entered the Ecumenical Temple
  6119 | Temple   | Became a worshipper of Ashenzari the Shackled
  6349 | D:7      | Noticed a hippogriff
  6588 | D:7      | Reached XP level 9. HP: 63/65 MP: 18/21
  7083 | D:7      | Noticed an ice statue
  7089 | D:7      | Learned a level 3 spell: Regeneration
  7442 | D:7      | Found a glowing golden altar of the Shining One.
  7900 | D:8      | Noticed a hornet
  7912 | D:8      | Killed a hornet
  8373 | D:8      | Reached skill level 5 in Invocations
  8380 | D:8      | Found a staircase to the Lair.
  8601 | D:8      | Reached XP level 10. HP: 36/73 MP: 22/22
  9411 | D:9      | Noticed Pikel
  9427 | D:9      | Killed Pikel
  9538 | D:9      | Reached skill level 5 in Fighting
  9538 | D:9      | Reached skill level 5 in Short Blades
  9538 | D:9      | Reached skill level 5 in Long Blades
  9538 | D:9      | Reached skill level 5 in Axes
  9538 | D:9      | Reached skill level 5 in Maces & Flails
  9538 | D:9      | Reached skill level 5 in Polearms
  9538 | D:9      | Reached skill level 5 in Staves
  9538 | D:9      | Reached skill level 5 in Slings
  9538 | D:9      | Reached skill level 5 in Bows
  9538 | D:9      | Reached skill level 5 in Crossbows
  9538 | D:9      | Reached skill level 5 in Throwing
  9538 | D:9      | Reached skill level 5 in Armour
  9538 | D:9      | Reached skill level 5 in Shields
  9538 | D:9      | Reached skill level 5 in Unarmed Combat
  9538 | D:9      | Reached skill level 5 in Evocations
  9894 | D:9      | Found a staircase to the Orcish Mines.
 10113 | D:9      | Reached skill level 9 in Spellcasting
 10620 | D:9      | Reached skill level 5 in Conjurations
 10620 | D:9      | Reached skill level 5 in Summonings
 10620 | D:9      | Reached skill level 5 in Translocations
 10627 | D:9      | Reached * piety under Ashenzari
 10688 | D:9      | Learned a level 4 spell: Summon Lightning Spire
 10988 | D:10     | Entered Level 10 of the Dungeon
 11050 | D:10     | Found a flagged portal.
 11084 | Bailey   | Entered a bailey
 11348 | Bailey   | Noticed an orc knight
 11364 | Bailey   | Killed an orc knight
 11371 | Bailey   | Noticed an orc knight
 11391 | Bailey   | Killed an orc knight
 11391 | Bailey   | Reached XP level 11. HP: 37/81 MP: 3/24
 11475 | Bailey   | Noticed an orc knight
 11509 | Bailey   | Killed an orc knight
 12207 | D:10     | Noticed Maurice
 12221 | D:10     | Killed Maurice
 12281 | D:10     | Noticed Grum
 12293 | D:10     | Killed Grum
 12709 | D:10     | Reached skill level 5 in Hexes
 12709 | D:10     | Reached skill level 5 in Charms
 12709 | D:10     | Reached skill level 5 in Necromancy
 12709 | D:10     | Reached skill level 5 in Transmutations
 12709 | D:10     | Reached skill level 5 in Fire Magic
 12709 | D:10     | Reached skill level 5 in Ice Magic
 12709 | D:10     | Reached skill level 5 in Air Magic
 12709 | D:10     | Reached skill level 5 in Earth Magic
 12709 | D:10     | Reached skill level 5 in Poison Magic
 13201 | Lair:1   | Entered Level 1 of the Lair of Beasts
 13201 | Lair:1   | Noticed Urug
 13228 | Lair:1   | Killed Urug
 13394 | Lair:1   | Found a dark tunnel.
 13407 | Volcano  | Entered a volcano
 13573 | Volcano  | Found a bloodstained altar of Trog.
 13573 | Volcano  | Noticed a centaur warrior
 13581 | Volcano  | HP: 2/81 [molten gargoyle/bolt of magma (28)]
 13581 | Volcano  | Noticed a hell knight
 13926 | Lair:1   | Noticed a five-headed hydra
 13932 | Lair:1   | Killed a five-headed hydra
 14251 | Lair:1   | Reached ** piety under Ashenzari
 15079 | Lair:2   | Identified a scroll of acquirement
 15079 | Lair:2   | Identified the cursed +4 triple sword of Cocytus {slice,
                  | -Tele +Fly MR+++ Stlth+} (You acquired it on level 2 of the
                  | Lair of Beasts)
 15112 | Lair:2   | Noticed a four-headed hydra
 15120 | Lair:2   | Killed a four-headed hydra
 15315 | Lair:2   | Reached XP level 12. HP: 87/89 MP: 21/25
 15399 | Lair:2   | Noticed a seven-headed hydra
 15706 | Lair:2   | Reached skill level 10 in Spellcasting
 15769 | Lair:2   | Noticed an eight-headed hydra
 15980 | Lair:2   | HP: 2/89 [seven-headed hydra (11)]
 16416 | Lair:2   | Killed a seven-headed hydra
 16698 | Lair:2   | Killed an eight-headed hydra
 18106 | Lair:3   | Reached *** piety under Ashenzari
 18290 | Lair:3   | Noticed a four-headed hydra
 18306 | Lair:3   | Killed a four-headed hydra
 18421 | Lair:3   | Found a bloodstained altar of Trog.
 18681 | Lair:4   | Noticed Kirke
 19335 | Lair:4   | Killed Kirke
 19693 | Lair:3   | Reached XP level 13. HP: 95/98 MP: 25/27
 20346 | Lair:4   | Found a staircase to the Swamp.
 20559 | Lair:4   | Found a staircase to the Snake Pit.
 21181 | Lair:5   | Reached **** piety under Ashenzari
 21555 | Lair:5   | Found a hazy altar of Hepliaklqana.
 22367 | Lair:6   | Entered Level 6 of the Lair of Beasts
 22836 | Lair:6   | Reached skill level 11 in Spellcasting
 23117 | Lair:6   | Reached XP level 14. HP: 80/106 MP: 24/29
 23583 | Lair:6   | Noticed Rupert
 23603 | Lair:6   | Killed Rupert
 23603 | Lair:6   | Reached skill level 10 in Dodging
 24481 | Lair:6   | Found a viscous altar of Jiyva.
 24481 | Lair:6   | Found a staircase to the Slime Pits.
 24699 | Lair:6   | Reached skill level 10 in Stealth
 25521 | Lair:6   | Reached ***** piety under Ashenzari
 25943 | Snake:1  | Entered Level 1 of the Snake Pit
 26175 | Snake:1  | Reached skill level 10 in Invocations
 26770 | Snake:1  | Found a shimmering altar of Xom.
 26816 | Snake:1  | Found Xoadit's Gadget Boutique.
 26816 | Snake:1  | Found Kidghy's Jewellery Shoppe.
 26818 | Snake:1  | Found Delam's Gadget Boutique.
 26831 | Snake:1  | Bought the ring of Izxuykk {rElec AC+3 Int+4 Dex+3} for 795
                  | gold pieces
 28612 | Snake:2  | Reached XP level 15. HP: 42/114 MP: 25/30
 28973 | Snake:2  | Noticed a nagaraja
 28986 | Snake:2  | Killed a nagaraja
 28995 | Snake:2  | Identified the ring of Firuvak {rN+ MR+ Dex+2 Stlth-}
 29201 | Snake:2  | Noticed a nagaraja
 29226 | Snake:2  | Killed a nagaraja
 29915 | Snake:3  | Identified the Tome of Unstable Flight
 29917 | Snake:3  | Identified the +4 ring mail "Dobizait" {rF+ MR+ Int-2
                  | Dex+2}
 29917 | Snake:3  | Identified the +5 pearl dragon scales of Intercession
                  | {*Corrode rPois rF+ rN+ Stlth+} (You found it on level 6 of
                  | the Lair of Beasts)
 30742 | Snake:3  | Noticed a nagaraja
 30767 | Snake:3  | Killed a nagaraja
 31127 | Snake:3  | Reached skill level 12 in Spellcasting
 31147 | Snake:3  | Noticed a nagaraja
 31163 | Snake:3  | Killed a nagaraja
 31190 | Snake:3  | Reached skill level 10 in Fighting
 31190 | Snake:3  | Reached skill level 10 in Short Blades
 31190 | Snake:3  | Reached skill level 10 in Long Blades
 31190 | Snake:3  | Reached skill level 10 in Axes
 31190 | Snake:3  | Reached skill level 10 in Maces & Flails
 31190 | Snake:3  | Reached skill level 10 in Polearms
 31190 | Snake:3  | Reached skill level 10 in Staves
 31190 | Snake:3  | Reached skill level 10 in Slings
 31190 | Snake:3  | Reached skill level 10 in Bows
 31190 | Snake:3  | Reached skill level 10 in Crossbows
 31190 | Snake:3  | Reached skill level 10 in Throwing
 31190 | Snake:3  | Reached skill level 10 in Armour
 31190 | Snake:3  | Reached skill level 10 in Shields
 31190 | Snake:3  | Reached skill level 10 in Unarmed Combat
 31190 | Snake:3  | Reached skill level 10 in Evocations
 32340 | Snake:4  | Entered Level 4 of the Snake Pit
 33096 | Snake:4  | Found Ystric Boze's Food Boutique.
 33100 | Snake:4  | Found Niuny's Assorted Antiques.
 33100 | Snake:4  | Found Zeirad's Magic Scroll Shop.
 33105 | Snake:4  | Found Naq Kiof's Food Shop.
 33126 | Snake:4  | Bought a scroll of remove curse for 102 gold pieces
 33187 | Snake:4  | Killed from afar by a salamander mystic

Levels and vault maps discovered:
D:1:      saegor_arrival_simple_c, layout_loops_ring, minmay_tripent
D:2:      layout_basic, hangedman_decor_lopped
D:3:      layout_basic
D:4:      layout_loops_ring, enter_ossuary_2, serial_glass, glass_columns_a,
          glass_columns_b, glass_columns_b, glass_columns_b, glass_columns_b,
          glass_columns_a, gup_sewer_entry_glass, minmay_tree_intersection,
          hangedman_decor_riveting
D:5:      gammafunk_steamed_eel, layout_loops_ring, kennysheep_mini_moat,
          first_ration
D:6:      layout_loops_ring, minmay_temple_entry_antechambers
D:7:      lemuel_ice_statue, layout_rooms, basic_altar
D:8:      layout_rooms, erik_lair_dragon
D:9:      layout_basic, orc_0_dummy, uniq_pikel
D:10:     layout_basic, enter_bailey_3, uniq_maurice, uniq_grum
D:11:     layout_roguey
Temple:   minmay_crystal_snake_temple
Lair:1:   layout_roguey, nicolae_volcano_entry_hallway, lemuel_fruit_fields,
          uniq_urug
Lair:2:   layout_layer_cave, chequers_serial_rivers_room_a,
          serial_bayou_lagoon_a, chequers_serial_rivers_micro_b
Lair:3:   layout_roguey, basic_altar
Lair:4:   layout_cave_shapes, minmay_swamp_entry_worms, dummy_snake_entry,
          eino_small_chamber_without_monster, grunt_forest_small_clearings,
          uniq_kirke
Lair:5:   layout_cave_pods, basic_altar, beast_lair_carwin_5,
          lemuel_fruit_fields, lemuel_fruit_fields
Lair:6:   minmay_lair_end_frog_pond, layout_regular_city, slime_altar_1,
          lemuel_fruit_tree, infiniplex_staircase_pool_2, uniq_rupert
Snake:1:  skrybe_snakes_to_sticks, layout_cave_pods, grunt_megastairs_4,
          minmay_shop_grove
Snake:2:  layout_misc_corridors
Snake:3:  layout_onion, chequers_hall_statues_y, nicolae_snake_linked_coils,
          nicolae_snake_shapes
Snake:4:  johnstein_snake_rune_scales, layout_cave_town, minmay_shoptagon

Skill      XL: |  1  2  3  4  5  6  7  8  9 10 11 12 13 14 15 |
---------------+----------------------------------------------+-----
Conjurations   | 2 3 4 5 6 7 8 |  8.9
Summonings     | 2 3 4 5 6 7 8 |  8.9
Translocations | 2 3 4 5 6 7 8 |  8.9
Invocations    | 1 2 3 4 5 6 7 8 9 10 11 | 11.0
Fighting       | 1 2 3 4 5 6 7 8 9 10 | 10.2
Short Blades   | 1 2 3 4 5 6 7 8 9 10 | 10.2
Long Blades    | 1 2 3 4 5 6 7 8 9 10 | 10.2
Axes           | 1 2 3 4 5 6 7 8 9 10 | 10.2
Maces & Flails | 1 2 3 4 5 6 7 8 9 10 | 10.2
Polearms       | 1 2 3 4 5 6 7 8 9 10 | 10.2
Staves         | 1 2 3 4 5 6 7 8 9 10 | 10.2
Slings         | 1 2 3 4 5 6 7 8 9 10 | 10.2
Bows           | 1 2 3 4 5 6 7 8 9 10 | 10.2
Crossbows      | 1 2 3 4 5 6 7 8 9 10 | 10.2
Throwing       | 1 2 3 4 5 6 7 8 9 10 | 10.2
Armour         | 1 2 3 4 5 6 7 8 9 10 | 10.2
Shields        | 1 2 3 4 5 6 7 8 9 10 | 10.2
Unarmed Combat | 1 2 3 4 5 6 7 8 9 10 | 10.2
Evocations     | 1 2 3 4 5 6 7 8 9 10 | 10.2
Hexes          | 1 2 3 4 5 6 7 8 |  8.6
Charms         | 1 2 3 4 5 6 7 8 |  8.6
Necromancy     | 1 2 3 4 5 6 7 8 |  8.6
Transmutations | 1 2 3 4 5 6 7 8 |  8.6
Fire Magic     | 1 2 3 4 5 6 7 8 |  8.6
Ice Magic      | 1 2 3 4 5 6 7 8 |  8.6
Air Magic      | 1 2 3 4 5 6 7 8 |  8.6
Earth Magic    | 1 2 3 4 5 6 7 8 |  8.6
Poison Magic   | 1 2 3 4 5 6 7 8 |  8.6
Dodging        | 5 6 7 8 9 10 11 | 11.1
Stealth        | 5 6 7 8 9 10 | 10.9
Spellcasting   | 8 9 10 11 12 | 12.1

Action                   |  1- 3 |  4- 6 |  7- 9 | 10-12 | 13-15 || total
-------------------------+-------+-------+-------+-------+-------++-------
Melee: Club              |     7 |       |       |       |       ||     7
       Spear             |       |    63 |    39 |       |       ||   102
       Bite              |       |     6 |    17 |    59 |    94 ||   176
       Trident           |       |       |   206 |   644 |  1113 ||  1963
       Unarmed           |       |       |       |     1 |       ||     1
 Cast: Magic Dart        |    69 |   100 |   190 |    32 |    14 ||   405
       Mephitic Cloud    |       |     8 |    23 |    48 |    20 ||    99
       Conjure Flame     |       |     3 |     8 |     9 |    15 ||    35
       Call Imp          |       |     1 |    30 |    10 |    15 ||    56
       Spectral Weapon   |       |       |    17 |    75 |   103 ||   195
       Regeneration      |       |       |     2 |     6 |     5 ||    13
       Summon Lightning  |       |       |       |    37 |    68 ||   105
       Blink             |       |       |       |     3 |     2 ||     5
Invok: Curse Item        |       |       |     2 |     1 |     2 ||     5
Evoke: Wand              |       |       |     2 |       |       ||     2
  Use: Scroll            |     5 |       |       |    12 |     6 ||    23
       Potion            |     1 |       |       |     3 |    13 ||    17
 Stab: Confused          |       |     3 |     6 |    23 |    23 ||    55
       Sleeping          |       |     1 |     7 |     9 |     3 ||    20
       Distracted        |       |       |     2 |     9 |    41 ||    52
  Eat: Chunk             |     2 |     4 |    13 |    23 |    10 ||    52
       Ration            |       |       |     1 |     5 |     9 ||    15
Armor: Robe              |     2 |    19 |    72 |    80 |    53 ||   226
       Scale mail        |       |       |       |       |   101 ||   101
Dodge: Dodged            |    17 |    39 |   177 |   382 |   341 ||   956
Block: Buckler           |       |    10 |    53 |   184 |   406 ||   653
       Reflection        |       |       |       |       |    27 ||    27
